 Dungeon Crawl Stone Soup version 0.29-a0-885-gb26ba3297d (webtiles) character file.

Game seed: 7560283520936733379

352 greasedhog the Cudgeller (level 6, -2/37 HPs)
             Began as a Gargoyle Berserker on July 20, 2022.
             Was a Believer of Trog.
             Slain by a gnoll
             ... wielding a +0 halberd
             ... led by a gnoll sergeant
              (8 damage)
             ... on level 5 of the Dungeon.
             The game lasted 00:05:42 (4472 turns).

greasedhog the Cudgeller (Gargoyle Berserker)       Turns: 4472, Time: 00:05:43

Health: -2/37      AC: 11    Str: 21    XL:     6   Next: 62%
Magic:  6/6        EV: 12    Int:  7    God:    Trog [**....]
Gold:   159        SH:  0    Dex: 11    Spells: 5/5 levels left

rFire   . . .      SeeInvis .   q - +0 whip (elec)
rCold   . . .      Faith    .   (no shield)
rNeg    + . .      Spirit   .   o - +0 leather armour
rPois   ∞          Reflect  .   (no helmet)
rElec   +          Harm     .   (no cloak)
rCorr   .          Rampage  .   (no gloves)
Will    .....                   (no boots)
Stlth   +.........              (no amulet)
HPRegen 0.12/turn               c - +4 ring of protection
MPRegen 0.10/turn               (no ring)

@: on berserk cooldown, slowed, very slow
A: sickness immunity, AC +4, negative energy resistance 1, electricity
resistance, torment resistance 1, petrification resistance
a: Renounce Religion, Berserk, Trog's Hand


You were on level 5 of the Dungeon.
You worshipped Trog.
Trog was pleased with you.
You visited 1 branch of the dungeon, and saw 5 of its levels.

You collected 159 gold pieces.

Inventory:

Hand Weapons
 q - a +0 whip of electrocution (weapon)
Missiles
 n - a poisoned dart (quivered)
 p - 2 throwing nets
Armour
 o - a +0 leather armour (worn)
Jewellery
 c - a +4 ring of protection (left hand)
Scrolls
 a - a scroll of enchant weapon
 b - a scroll of enchant armour {unknown}
 d - a scroll of teleportation
 f - a scroll of immolation
 j - a scroll of poison {unknown}
 l - a scroll of blinking {unknown}
Potions
 e - 3 potions of degeneration {unknown}
 g - 2 potions of lignification {unknown}
 h - 2 potions of curing
 i - a potion of mutation {unknown}
 m - a potion of attraction {unknown}


   Skills:
 - Level 3.2 Fighting
 * Level 5.5 Maces & Flails
 - Level 2.1 Armour
 * Level 4.1 Dodging


You had 5 spell levels left.
You didn't know any spells.
Your spell library was empty.

Dungeon Overview and Level Annotations

Branches:
Dungeon (5/15)
 Temple: D:4-7

Altars:

Shops:
D:3 [


Innate Abilities, Weirdness & Mutations

You are immune to sickness and miasma.
Your stone body is resilient. (AC +4)
You are immune to poison.
You resist negative energy. (rN+)
You are resistant to electric shocks. (rElec)
You are resistant to unholy torment.
You are immune to petrification.


Message History

You feel yourself moving faster!
You feel mighty!
The gnoll sergeant hits you with a +0 spear.
You hit the gnoll sergeant.
Lightning courses through the gnoll sergeant!
The gnoll sergeant is heavily wounded.
The gnoll sergeant hits you with a +0 spear!
* * * LOW HITPOINT WARNING * * *
You barely miss the gnoll sergeant.
The gnoll sergeant is heavily wounded.
You hit the gnoll sergeant.
Lightning courses through the gnoll sergeant!!
You kill the gnoll sergeant!
Trog accepts your kill.
Your Dodging skill increases to level 4!
Things that are here:
a +0 spear; a +0 scale mail You feel a strong urge to attack something.
You feel your anger nearly subside.
You are no longer berserk.
You are exhausted.
You feel yourself slow down.
You see here a throwing net.
p - 2 throwing nets (gained 1)
The gnoll shouts!
Throw: 3 darts (poison)
Press: ? - help, Q - select action, (/) - cycle Shift-Dir - straight line, f - gnoll
Aim: a gnoll, wielding a +0 halberd (60% to hit)
You throw a poisoned dart. The poisoned dart hits the gnoll.
Throw: 2 darts (poison)
Press: ? - help, Q - select action, (/) - cycle Shift-Dir - straight line, f/p - gnoll
Aim: a gnoll, wielding a +0 halberd (60% to hit)
You throw a poisoned dart.
The poisoned dart barely misses the gnoll.
The gnoll closely misses you.
The gnoll hits you from afar with a +0 halberd!
* * * LOW HITPOINT WARNING * * *
It was a potion of curing.
You feel better.
The gnoll hits you from afar with a +0 halberd.
* * * LOW HITPOINT WARNING * * *
The gnoll hits you from afar with a +0 halberd!
You die...

...............#
...............#
#..####..###...#
#+#####..###)..#
+.........#....#
#.<.......'....#
#.........#...g#
#.........#.>..#
###..###..##..@#
#..# #.)##...#
.... #.......#
....#.......#
....#......)#
#......)#
#####.)<#
#+######)).#
#..........#


You could see a gnoll.

Vanquished Creatures
  A gnoll sergeant (D:5)
  A necrophage (D:4)
  An orc wizard (D:4)
  An iguana (D:4)
  8 gnolls
  4 adders
  3 worms
  A dart slug (D:4)
  3 orcs
  3 endoplasms (D:4)
  4 giant cockroaches
  8 hobgoblins
  2 jackals (D:2)
  5 ball pythons
  4 bats
  3 frilled lizards (D:2)
  6 goblins
  6 kobolds
  3 rats
67 creatures vanquished.

Notes
Turn   | Place    | Note
-------+----------+-------------------------------------------
     0 | D:1      | greasedhog the Gargoyle Berserker began the quest for the
                  | Orb.
     0 | D:1      | Reached XP level 1. HP: 14/14 MP: 1/1
   892 | D:1      | Reached XP level 2. HP: 6/19 MP: 2/2
  1432 | D:2      | Reached XP level 3. HP: 19/23 MP: 3/3
  1766 | D:2      | Found a faded altar of an unknown god.
  2034 | D:2      | Reached ** piety under Trog
  2229 | D:3      | Reached XP level 4. HP: 25/28 MP: 4/4
  2232 | D:3      | Reached skill level 4 in Maces & Flails
  2729 | D:3      | Found Xebicu's Armour Shop.
  2796 | D:4      | Noticed a necrophage
  2802 | D:4      | Killed a necrophage
  2803 | D:4      | Reached XP level 5. HP: 32/32 MP: 5/5
  4138 | D:5      | Entered Level 5 of the Dungeon
  4247 | D:4      | Reached skill level 5 in Maces & Flails
  4268 | D:5      | Reached XP level 6. HP: 34/37 MP: 6/6
  4472 | D:5      | Slain by a gnoll

Illustrated notes

Levels and vault maps discovered:
D:1:      lightli_arrival_lavapool, layout_basic
D:2:      layout_loops_corners, shapermc_ecumenical_altar_venn
D:3:      layout_basic, serial_shops, nicolae_lakefront_shop
D:4:      layout_loops_corners
D:5:      layout_gridville, okawaru_gym_becter,
          nicolae_qazlal_general_emergency, kennysheep_generic_room_13,
          uniq_menkaure, uniq_eustachio, uniq_pikel

Skill      XL: |  1  2  3  4  5  6 |
---------------+-------------------+-----
Dodging        | 2 3 4 |  4.1
Maces & Flails | 4 5 |  5.5
Fighting       | |  3.2
Armour         | |  2.1

Action                   |  1- 3 |  4- 6 || total
-------------------------+-------+-------++-------
Melee: Mace              |    98 |    27 ||   125
       Flail             |       |   111 ||   111
       Punch             |       |     1 ||     1
       Whip              |       |     7 ||     7
Throw: Dart              |       |     2 ||     2
Invok: Berserk           |       |     3 ||     3
  Use: Scroll            |     5 |     1 ||     6
       Potion            |       |     1 ||     1
 Stab: Sleeping          |     1 |     1 ||     2
       Distracted        |       |     1 ||     1
Armor: Animal skin       |    42 |    42 ||    84
       Leather armour    |       |    21 ||    21
Dodge: Dodged            |    74 |    68 ||   142

Table legend: (Time is in decaauts)
 A = Elapsed time spent in this place.
 B = Non-inter-level travel time spent in this place.
 C = Inter-level travel time spent in this place.
 D = Time resting spent in this place.
 E = Time spent auto-exploring this place.
 F = Levels seen in this place.
 G = Mean time per level.
                   A        B        C        D        E       F      G
               +--------+--------+--------+--------+--------+-----+--------+
         Total |   4541 |   4213 |    328 |     80 |   3463 |   5 |  908.2 |
       Dungeon |   4541 |   4213 |    328 |     80 |   3463 |   5 |  908.2 |
               +--------+--------+--------+--------+--------+-----+--------+

Top non-repeatable levels by time:
     D:4: 1371 daAuts
     D:1: 1262 daAuts
     D:2: 1062 daAuts
     D:3: 628 daAuts
     D:5: 217 daAuts
